 Dungeon Crawl Stone Soup version 0.26-a0-64-g059e62fbdb (webtiles) character file.

Game seed: 9687300016202852432

249 Fv001 the Covered (level 5, -2/37 HPs)
             Began as a Demonspawn Fighter on June 11, 2020.
             Slain by a howler monkey (4 damage)
             ... on level 6 of the Dungeon.
             The game lasted 00:05:57 (1921 turns).

Fv001 the Covered (Demonspawn Fighter)              Turns: 1921, Time: 00:05:59

Health: -2/37      AC:  7    Str: 17    XL:     5   Next: 86%
Magic:  5/5        EV:  8    Int: 11    God:
Gold:   108        SH:  9    Dex: 13    Spells: 4/4 levels left

rFire    . . .     SeeInvis .   a - +1 flail
rCold    . . .     Gourm    .   c - +0 kite shield
rNeg     . . .     Faith    .   b - +0 scale mail
rPois    .         Spirit   .   (no helmet)
rElec    .         Reflect  .   (no cloak)
rCorr    .         Harm     .   (no gloves)
MR       .....     Rnd*Rage +   (no boots)
Stlth    ..........             (no amulet)
HPRegen  0.12/turn              (no ring)
MPRegen  0.09/turn              (no ring)

@: no status effects
A: hooves 1, berserk 1, clever 1, frail 1, powered by death 2
a: no special abilities


You were on level 6 of the Dungeon.
You were hungry.

You visited 1 branch of the dungeon, and saw 5 of its levels.

You collected 108 gold pieces.

Inventory:

Hand Weapons
 a - a +1 flail (weapon)
Armour
 b - a +0 scale mail (worn)
 c - a +0 kite shield (worn)
Jewellery
 i - an uncursed ring of fire
Scrolls
 o - a scroll of immolation {unknown}
Potions
 e - a potion of stabbing
 h - a potion of cancellation {unknown}
 j - a potion of lignification {unknown}
 k - a potion of curing {unknown}
 n - a potion of berserk rage {unknown}
Comestibles
 f - 5 rations


   Skills:
 + Level 3.7 Fighting
 + Level 2.6 Maces & Flails
 * Level 3.9 Armour
 + Level 1.6 Dodging
 * Level 3.9 Shields


You had 4 spell levels left.
You didn't know any spells.
Your spell library was empty.

Dungeon Overview and Level Annotations

Branches:
Dungeon (6/15)
 Temple: D:4-7

Altars:
Makhleb
Sif Muna


Innate Abilities, Weirdness & Mutations

You have large cloven feet.
You regenerate health from kills.
You tend to lose your temper in combat.
Your mind is acute. (Int +2)
You are frail. (-10% HP)


Message History

* * * LOW HITPOINT WARNING * * *
The crimson imp blinks!
The orc wizard casts a spell at you. The puff of flame hits you.
* * * LOW HITPOINT WARNING * * *
As you read the scroll labeled BIGGAHA DOTTE, it crumbles to dust.
It is a scroll of enchant weapon.
Your +0 flail glows red for a moment.
You block the bullfrog's attack.
The howler monkey hits you but does no damage.
The gnoll sergeant hits you but does no damage.
The bullfrog hits you.
* * * LOW HITPOINT WARNING * * *
Okay, then.
It was a potion of mutation.
You feel extremely strange.
You feel a little pissed off.
You feel frail.
You feel clever.
The howler monkey hits you but does no damage.
A gnoll comes into view. It is wielding a +0 halberd.
The bullfrog closely misses you. You block the gnoll sergeant's attack.
The gnoll barely misses you. The howler monkey hits you.
You die...

##.#........# ..
...........## ..#
##.......... ##.#
#.........### ## #..#
##....#.....##
...###.###.....#.#....##
###....................#
#......gg##..##..##.....
....#F@####....####....
## #h.## ##..## ##....
#.S.# #..# ##....#
#.o.5# #..###...###
..g#..........#.###
...o#...$......#....
#..o...###..###......
#..g..## #.. ##.....
.....## ##..# ##.#..


You could see a gnoll sergeant, a bullfrog, a howler monkey, 2 orc wizards, 3
gnolls, a crimson imp, an adder and an orc.

Vanquished Creatures
  A centaur (D:6)
  A crimson imp (D:6)
  Jessica (D:2)
  A worker ant (D:6)
  2 adders
  An ooze (D:1)
  A worm (D:3)
  2 dart slugs
  3 leopard geckos
  3 orcs (D:3)
  10 bats
  4 giant cockroaches
  9 goblins
  6 hobgoblins (D:1)
  2 jackals (D:2)
  2 frilled lizards
  4 kobolds
  6 rats
59 creatures vanquished.

Notes
Turn   | Place    | Note
-------+----------+-------------------------------------------
     0 | D:1      | Fv001 the Demonspawn Fighter began the quest for the Orb.
     0 | D:1      | Reached XP level 1. HP: 18/18 MP: 1/1
     2 | D:1      | Noticed an elf
     2 | D:1      | Noticed a vampire
     4 | D:1      | Noticed a minotaur
     4 | D:1      | Noticed a felid
     6 | D:1      | Noticed a demonspawn
     8 | D:1      | Noticed a troll
     8 | D:1      | Noticed a dwarf
    10 | D:1      | Noticed an octopode
    10 | D:1      | Noticed a gargoyle
    12 | D:1      | Noticed a spriggan
    12 | D:1      | Noticed a demigod
    16 | D:1      | Noticed a formicid
    16 | D:1      | Noticed a halfling
    18 | D:1      | Noticed an ogre
    20 | D:1      | Noticed a centaur
    20 | D:1      | Noticed a human
    22 | D:1      | Noticed a vine stalker
    22 | D:1      | Noticed a draconian
    24 | D:1      | Noticed a ghoul
    24 | D:1      | Noticed a merfolk
    26 | D:1      | Noticed a naga
    26 | D:1      | Noticed a tengu
   265 | D:1      | Gained mutation: You have large cloven feet. [demonic
                  | ancestry]
   265 | D:1      | Reached XP level 2. HP: 14/24 MP: 2/2
   539 | D:1      | Reached XP level 3. HP: 25/29 MP: 3/3
   878 | D:2      | Found a shimmering blue altar of Sif Muna.
  1008 | D:2      | Noticed Jessica
  1013 | D:2      | Killed Jessica
  1013 | D:2      | Gained mutation: You regenerate a little health from kills.
                  | [demonic ancestry]
  1013 | D:2      | Reached XP level 4. HP: 26/35 MP: 4/4
  1141 | D:2      | Reached skill level 1 in Dodging
  1166 | D:2      | Found a burning altar of Makhleb.
  1312 | D:2      | Found a faded altar of an unknown god.
  1695 | D:3      | You fall into a shaft and drop 2 floors!
  1695 | D:5      | Entered Level 5 of the Dungeon
  1695 | D:5      | Noticed an ogre
  1703 | D:6      | Noticed a centaur
  1716 | D:6      | Killed a centaur
  1716 | D:6      | Gained mutation: You regenerate health from kills. [demonic
                  | ancestry]
  1716 | D:6      | Reached XP level 5. HP: 12/41 MP: 5/5
  1920 | D:6      | HP: 2/42 [bullfrog (1)]
  1921 | D:6      | Gained mutation: You tend to lose your temper in combat.
                  | [potion of mutation]
  1921 | D:6      | Gained mutation: You are frail. (-10% HP) [potion of
                  | mutation]
  1921 | D:6      | Gained mutation: Your mind is acute. (Int +2) [potion of
                  | mutation]
  1921 | D:6      | Slain by a howler monkey

Illustrated notes

Levels and vault maps discovered:
D:1:      kb_arrival_jail, layout_rooms
D:2:      layout_basic, lemuel_doored_altar, nicolae_overflow_crystal_walls,
          chequers_ecumenical_altar_simple_redux, uniq_jessica
D:3:      layout_loops_ring, tso_metal_star
D:5:      cheibrodos_two_vegetables, layout_basic, lemuel_round_altar,
          nicolae_overflow_hidden_temple, first_ration, minmay_ogre_servants,
          uniq_blork_the_orc, uniq_menkaure
D:6:      layout_cave_pools, palyth_stone_intersect, serial_bayou_pond_d,
          hangedman_abyss_or_decor_stagger, minmay_hollow_rounded_squares

Skill      XL: |  1  2  3  4 |
---------------+-------------+-----
Armour         | 3 |  3.9
Maces & Flails | 2 |  2.6
Shields        | 3 |  3.9
Dodging        | 1 |  1.6
Fighting       | |  3.7

Action                   |  1- 3 |  4- 6 || total
-------------------------+-------+-------++-------
Melee: Flail             |   114 |    83 ||   197
       Kick              |    12 |    18 ||    30
  Use: Scroll            |     2 |     1 ||     3
       Potion            |       |     2 ||     2
  Eat: Chunk             |     1 |     2 ||     3
Armor: Scale mail        |    46 |    42 ||    88
Dodge: Dodged            |    32 |    36 ||    68
Block: Kite shield       |    51 |    52 ||   103

Table legend:
 A = Non-vault XP
 B = Vault XP
 C = Vault XP percentage of total XP
 D = Non-vault monster count
 E = Vault monster count
 F = Vault count percentage of total count
                 A         B        C        D         E       F
            +---------+---------+-------+---------+---------+-------
      Total |     319 |      37 |  10.4 |      58 |       1 |   1.7
            +---------+---------+-------+---------+---------+-------
        D:1 |      54 |       0 |   0.0 |      27 |       0 |   0.0
        D:2 |      41 |      37 |  47.4 |      18 |       1 |   5.3
        D:3 |      36 |       0 |   0.0 |      10 |       0 |   0.0
        D:6 |     188 |       0 |   0.0 |       3 |       0 |   0.0
            +---------+---------+-------+---------+---------+-------
